 Dungeon Crawl Stone Soup version 0.29-a0-817-g9904bce7a6 (webtiles) character file.

Game seed: 8180017004355150475

4251 wingedge the Slicer (level 10, -1/61 HPs)
             Began as a Kobold Chaos Knight on July 5, 2022.
             Was a Plaything of Xom.
             Slain by Erolcha
             ... wielding a +7 giant club
              (29 damage)
             ... on level 9 of the Dungeon.
             The game lasted 00:37:37 (7990 turns).

wingedge the Slicer (Kobold Chaos Knight)           Turns: 7990, Time: 00:37:37

Health: -1/61      AC: 11    Str:  7      XL:     10   Next: 56%
Magic:  5/5        EV: 16    Int: 14      God:    Xom [......]
Gold:   133        SH:  7    Dex: 20 (21) Spells: 14/18 levels left

rFire   . . .      SeeInvis .   O - +1 dagger (antimagic)
rCold   . . .      Faith    .   E - +1 buckler
rNeg    . . .      Spirit   .   j - +0 acid dragon scales
rPois   .          Reflect  .   z - +0 helmet
rElec   .          Harm     .   n - scarf {repulsion}
rCorr   +          Rampage  .   (no gloves)
Will    ++...                   p - +2 pair of boots
Stlth   +++++.....              h - amulet of regeneration
HPRegen 1.80/turn               H - ring of flight
MPRegen 0.09/turn               C - ring of willpower

@: flying, repel missiles
A: small, no large weapons, nightstalker 3, agile 1, deterioration 1,
strong-willed 1, regeneration 1, weak 1, wild magic 1
a: Renounce Religion


You were on level 9 of the Dungeon.
You worshipped Xom.
You were a very special plaything of Xom.
You visited 1 branch of the dungeon, and saw 9 of its levels.

You collected 491 gold pieces.
You spent 358 gold pieces at shops.

Inventory:

Hand Weapons
 a - a +2 dagger of venom
 b - a +0 shortbow
 d - a +0 rapier
 l - a +0 short sword of chaos
 q - a +4 short sword
 K - a +0 arbalest
 O - a +1 antimagic dagger (weapon)
Missiles
 D - 2 boomerangs
Armour
 j - +0 acid dragon scales (worn)
 n - a scarf of repulsion (worn)
 p - a +2 pair of boots (worn)
 z - a +0 helmet (worn)
 E - a +1 buckler (worn)
 M - +0 swamp dragon scales
Jewellery
 h - an amulet of regeneration (around neck)
 m - a ring of resist corrosion
 B - a ring of ice
 C - a ring of willpower (right hand)
 H - a ring of flight (left hand)
Wands
 o - a wand of light (4)
 w - a wand of flame (27)
 A - a wand of roots (11)
 I - a wand of charming (10)
 N - a wand of mindburst (7)
Scrolls
 f - a scroll of amnesia
 s - 2 scrolls of enchant weapon
 t - 3 scrolls of teleportation
 x - 2 scrolls of torment
 y - 2 scrolls of vulnerability
 G - 2 scrolls of fog
 L - a scroll of enchant armour
Potions
 e - 6 potions of curing
 g - a potion of invisibility
 i - 4 potions of mutation {unknown}
 k - 2 potions of haste {unknown}
 r - 4 potions of attraction {unknown}
 v - a potion of resistance
 F - a potion of might {unknown}
 J - a potion of ambrosia {unknown}
 P - a potion of brilliance {unknown}
Miscellaneous
 c - a piece from Xom's chessboard (4/15) (quivered)


   Skills:
 + Level 6.6 Fighting
 + Level 8.3 Short Blades
 + Level 3.7 Ranged Weapons
 * Level 2.8 Armour
 + Level 6.0 Dodging
 + Level 7.7 Stealth
 * Level 3.1 Shields
 * Level 4.8 Spellcasting
 * Level 5.0 Hexes
 + Level 4.2 Evocations


You had 14 spell levels left.
You knew the following spells:

 Your Spells              Type           Power      Damage    Failure   Level
a - Slow                  Hex            88%        N/A       10%         1
b - Confusing Touch       Hex            22%        N/A       26%         3

Your spell library contained the following spells:

 Spells                   Type           Power      Damage    Failure   Level
 Magic Dart               Conj           16%        1d3       52%         1
 Call Imp                 Summ           4%         N/A       67%         2
 Poisonous Vapours        Pois/Air       8%         N/A       67%         2
 Gell's Gravitas          Tloc           4%         N/A       87%         3
 Lesser Beckoning         Tloc           4%         N/A       87%         3
 Mephitic Cloud           Conj/Pois/Air  4%         N/A       87%         3
 Teleport Other           Tloc           4%         N/A       87%         3
 Vampiric Draining        Necr           4%         2d6       87%         3
 Corpse Rot               Necr/Pois/Air  4%         N/A       99%         4
 Olgreb's Toxic Radiance  Pois           4%         N/A       99%         4
 Conjure Ball Lightning   Conj/Air       2%         3x3d6     100%        6
 Ozocubu's Refrigeration  Ice            2%         4d5       100%        7
 Discord                  Hex            11%        N/A       100%        8
 Disjunction              Tloc           2%         N/A       100%        8
 Ignition                 Fire           2%         3d3       100%        8


Dungeon Overview and Level Annotations

Branches:
Dungeon (9/15)             Temple (0/1) D:4
   Lair: D:8-11         Orc: D:9-12

Altars:
Ashenzari
Cheibriados
Dithmenos
Fedhas
Gozag
Hepliaklqana
Kikubaaqudgha
Makhleb
Okawaru
Trog
Uskayaw
Vehumet
Yredelemnul
The Shining One

Shops:
D:4 [=!   D:7 ?

Annotations:
D:7 2 transporters, zhov's ghost, novice DsHu
D:8 2 transporters
D:9 Erolcha


Innate Abilities, Weirdness & Mutations

You are small and have problems with some larger weapons.
You are completely attuned to the shadows.
You are agile. (Dex +4, Str/Int -1)
Your body sometimes deteriorates upon taking damage.
You are strong-willed. (Will+)
Your natural rate of healing is unusually fast.
You are weak. (Str -2)
Your spells are a little harder to cast, but a little more powerful.


Message History

You kill the smoke demon!
The smoke demon disappears in a puff of smoke!
Partly explored, unvisited transporter.
Partly explored, unvisited transporter.
There is an open door here.
There is a stone staircase leading down here.
You fly downwards.
There is a stone staircase leading up here.
Found a robe.
You see here a +0 robe.
Q - a scroll of identify "You have grown too confident for your meagre worth."
You feel clumsy.
As you read the scroll of identify, it crumbles to dust.
g - a potion of invisibility Erolcha the Cunning comes into view.
She is wielding a +7 giant club.
Press: ? - help, v - describe, . - travel
Here: Erolcha, wielding a +7 giant club and wearing a +0 robe (asleep)
The floor.
Your +2 dagger of venom stops dripping with poison.
You feel magic leave you.
O - a +1 antimagic dagger (weapon)
Erolcha shouts!
Erolcha mumbles some strange words.
Erolcha flickers and vanishes!
Deactivating autopickup; reactivate with Ctrl-A.
Something hits you!!
Ouch! That really hurt!
A shower of butterflies erupts from you!
You hit something. You hit something but do no damage.
You block something's attack.
You feel much better.
You closely miss something. Something hits you!!!
Ouch! That really hurt!
* * * LOW HITPOINT WARNING * * *
Xom is mildly amused.
Okay, then.
You feel much better. Something hits you!!
You die... "This toy is broken."

#.####.##.#
#.####..#.#
#.......#.#
###########.##
#............#
#b############
#.# #b# #@#
#{#


#bb #### There were no monsters in sight!

Vanquished Creatures
  Amaemon (D:8)
  A cyclops (D:8)
  An orange demon (D:8)
  Maggie (D:7)
  2 wyverns (D:8)
  Grum (D:8)
  A steam dragon (D:7)
  A warg (D:8)
  An acid dragon (D:8)
  A water moccasin (D:7)
  An orc warrior (D:6)
  3 ogres
  2 centaurs
  A wolf (D:8)
  A bullfrog (D:8)
  Blork the orc (D:5)
  A necrophage (D:6)
  A gnoll sergeant (D:5)
  3 scorpions
  3 wights (D:7)
  A hound (D:3)
  3 orc priests
  A jelly (D:5)
  2 iguanas
  5 orc wizards
  Terence (D:3)
  6 gnolls
  14 adders
  A white imp (D:5)
  An ufetubus (D:5)
  4 worms (D:3)
  5 dart slugs
  23 orcs
  7 ball pythons
  3 bats
  12 endoplasms
  9 giant cockroaches
  8 goblins
  6 hobgoblins
  A quokka (D:5)
  8 frilled lizards
  9 kobolds
  8 rats
166 creatures vanquished.

Vanquished Creatures (collateral kills)
  A jelly (D:5)
  A worm (D:2)
2 creatures vanquished.

Vanquished Creatures (others)
  A wolf (D:8)
  A bullfrog (D:8)
  2 plants (D:2)
4 creatures vanquished.

Grand Total: 172 creatures vanquished

Notes
Turn   | Place    | Note
-------+----------+-------------------------------------------
     0 | D:1      | wingedge the Kobold Chaos Knight began the quest for the
                  | Orb.
     0 | D:1      | Reached XP level 1. HP: 14/14 MP: 1/1
    93 | D:1      | XOM: potion effect (berserk rage)
   184 | D:1      | Reached skill level 1 in Stealth
   184 | D:1      | Reached XP level 2. HP: 17/19 MP: 2/2
   271 | D:1      | Reached skill level 1 in Evocations
   315 | D:1      | Reached skill level 1 in Armour
   432 | D:1      | Reached XP level 3. HP: 23/23 MP: 3/3
  1150 | D:2      | XOM: noise
  1420 | D:2      | Reached XP level 4. HP: 19/28 MP: 4/4
  1458 | D:2      | XOM: cast spell 'Summon Mana Viper'
  1520 | D:2      | XOM: noise
  1544 | D:2      | XOM: 1-stop teleportation journey
  1952 | D:2      | Reached XP level 5. HP: 33/33 MP: 5/5
  1964 | D:2      | Found a faded altar of an unknown god.
  1976 | D:2      | Reached skill level 5 in Short Blades
  2016 | D:2      | XOM: cloud trail
  2161 | D:2      | XOM: noise
  2366 | D:2      | XOM: cloud trail
  2531 | D:3      | Reached XP level 6. HP: 21/38 MP: 6/6
  2535 | D:3      | XOM: divination: detect items
  2739 | D:3      | XOM: cloud trail
  2952 | D:3      | Found a basalt altar of Yredelemnul.
  3046 | D:3      | Noticed Terence
  3052 | D:3      | Killed Terence
  3095 | D:3      | Noticed an ogre
  3101 | D:3      | Killed an ogre
  3102 | D:3      | Reached skill level 6 in Short Blades
  3102 | D:3      | Reached XP level 7. HP: 44/44 MP: 7/7
  3168 | D:3      | Found a hide-covered altar of Uskayaw.
  3222 | D:3      | Found a glowing golden altar of the Shining One.
  3295 | D:4      | XOM: silly message
  3415 | D:4      | Found a snail-covered altar of Cheibriados.
  3619 | D:4      | Found a staircase to the Ecumenical Temple.
  3633 | D:4      | Reached skill level 5 in Stealth
  3904 | D:4      | Found Zuzxuzal's Armour Shoppe.
  3904 | D:4      | Found Aroakun's Distillery.
  3906 | D:4      | Found Qairyagiad's Jewellery Shop.
  3955 | D:4      | Bought 2 potions of heal wounds for 120 gold pieces
  3955 | D:4      | Bought a potion of resistance for 120 gold pieces
  3955 | D:4      | Bought a potion of degeneration for 12 gold pieces
  3955 | D:4      | Bought a potion of curing for 36 gold pieces
  4214 | D:5      | Entered Level 5 of the Dungeon
  4235 | D:5      | Found a blossoming altar of Fedhas.
  4254 | D:5      | XOM: summons 3 friendly demons
  4381 | D:5      | XOM: silly message
  4387 | D:5      | XOM: noise
  4396 | D:5      | Noticed Blork the orc
  4400 | D:5      | Killed Blork the orc
  4401 | D:5      | Reached skill level 5 in Fighting
  4401 | D:5      | Reached XP level 8. HP: 41/49 MP: 8/8
  4499 | D:5      | Found an iron altar of Okawaru.
  4726 | D:5      | Reached skill level 7 in Short Blades
  4726 | D:5      | Reached skill level 1 in Spellcasting
  4726 | D:5      | Reached skill level 1 in Hexes
  4745 | D:5      | Found a radiant altar of Vehumet.
  4745 | D:5      | Found an opulent altar of Gozag.
  4746 | D:5      | Found a bloodstained altar of Trog.
  4804 | D:5      | XOM: fog
  5093 | D:6      | Found an ancient bone altar of Kikubaaqudgha.
  5125 | D:6      | Found a shadowy altar of Dithmenos.
  5139 | D:6      | XOM: 7-stop teleportation journey
  5312 | D:6      | Learned a level 1 spell: Slow
  5378 | D:6      | XOM: summons 1 hostile demon
  5433 | D:6      | XOM: divination: detect items
  5450 | D:6      | Reached skill level 1 in Shields
  5465 | D:6      | Reached skill level 1 in Ranged Weapons
  5465 | D:6      | Reached XP level 9. HP: 54/54 MP: 12/12
  5525 | D:6      | You fall into a shaft and drop 1 floor!
  5581 | D:7      | XOM: give mutation
  5581 | D:7      | Gained mutation: You have hidden genetic defects. [Xom's
                  | mischief]
  5602 | D:7      | Noticed zhov's ghost (novice DsHu)
  5707 | D:7      | Found a transporter.
  6184 | D:6      | Found a hazy altar of Hepliaklqana.
  6189 | D:6      | Found a broken altar of Ashenzari.
  6312 | D:7      | Found a transporter.
  6372 | D:7      | Found Focusch's Magic Scroll Shop.
  6377 | D:7      | Bought a scroll of teleportation for 42 gold pieces
  6406 | D:7      | XOM: cloud trail
  6429 | D:7      | Noticed Maggie
  6430 | D:7      | XOM: fog
  6514 | D:7      | Learned a level 3 spell: Confusing Touch
  6516 | D:7      | Found a burning altar of Makhleb.
  6534 | D:7      | Reached skill level 5 in Dodging
  6616 | D:7      | Killed Maggie
  6619 | D:7      | Gained mutation: Your body sometimes deteriorates upon
                  | taking damage. [hidden defects]
  6650 | D:7      | XOM: give mutations
  6650 | D:7      | Gained mutation: You are strong-willed. (Will+) [Xom's
                  | grace]
  6650 | D:7      | Gained mutation: Your spells are a little harder to cast,
                  | but a little more powerful. [Xom's grace]
  6650 | D:7      | Gained mutation: You are agile. (Dex +4, Str/Int -1) [Xom's
                  | grace]
  6650 | D:7      | Gained mutation: Your natural rate of healing is unusually
                  | fast. [Xom's grace]
  6732 | D:7      | Bought a scroll of identify for 28 gold pieces
  6784 | D:8      | Found a transporter.
  6788 | D:8      | Found a transporter.
  6804 | D:8      | Noticed a moth of wrath
  7002 | D:8      | Noticed Amaemon
  7003 | D:8      | Noticed an orange demon
  7008 | D:8      | XOM: summons friendly iron imp
  7014 | D:8      | Killed Amaemon
  7015 | D:8      | Reached skill level 8 in Short Blades
  7015 | D:8      | Reached XP level 10. HP: 39/60 MP: 14/16
  7030 | D:7      | Gained mutation: You are weak. (Str -2) [hidden defects]
  7030 | D:7      | Lost mutation: You have hidden genetic defects. [hidden
                  | defects expressed]
  7069 | D:8      | Noticed Grum
  7078 | D:8      | Noticed a cyclops
  7079 | D:8      | Killed an orange demon
  7117 | D:8      | Killed a cyclops
  7130 | D:8      | XOM: destruction
  7139 | D:8      | Killed Grum
  7275 | D:8      | XOM: confusion
  7278 | D:8      | XOM: polymorph orc warrior -> warg
  7280 | D:8      | XOM: enchant monster (bad)
  7307 | D:8      | XOM: swap monsters
  7442 | D:8      | XOM: 6-stop teleportation journey
  7519 | D:8      | Reached skill level 5 in Hexes
  7817 | D:8      | XOM: summons 2 hostile demons
  7818 | D:8      | Noticed a smoke demon
  7947 | D:9      | XOM: stat loss: -1 Dex (20/21)
  7981 | D:9      | Noticed Erolcha
  7985 | D:9      | XOM: butterfly on damage
  7990 | D:9      | Slain by Erolcha

Illustrated notes

Levels and vault maps discovered:
D:1:      dpeg_arrival_signposts, layout_loops_ring, minmay_bisected
D:2:      kennysheep_big_flooded_room, layout_loops_corners,
          shapermc_ecumenical_altar_gd, roderic_serpentine_path
D:3:      layout_loops_cross, mainiacjoe_overflow_surrounded_room,
          nicolae_uskayaw_suspiria, tso_altar, minmay_quadrilaterals,
          uniq_terence
D:4:      layout_gridville, kennysheep_slug_shrine,
          minmay_temple_entry_proselytizer, nicolae_wooded_promenade,
          grunt_ministairs_14
D:5:      layout_cave_pools, okawaru_trees_2, fedhas_bush_and_centaur_altar,
          chequers_temple_overflow_statue_of_worship, uniq_blork_the_orc
D:6:      layout_layer_cave, mainiacjoe_overflow_catch_the_wave,
          mainiacjoe_overflow_big_doors
D:7:      layout_cave_pools, nicolae_overflow_hidden_temple, serial_shops,
          shop_scrolls, gammafunk_ghost_stat_death, uniq_maggie
D:8:      layout_basic, gammafunk_ghost_wrathful_warriors, uniq_amaemon,
          uniq_grum
D:9:      layout_basic, amcnicky_altar_gilded, uniq_erolcha, uniq_erica

Skill      XL: |  1  2  3  4  5  6  7  8  9 10 |
---------------+-------------------------------+-----
Stealth        | 1 2 3 4 5 6 7 |  7.7
Evocations     | 1 2 3 4 |  4.2
Armour         | 1 2 |  2.8
Dodging        | 3 4 5 6 |  6.0
Short Blades   | 5 6 7 8 |  8.3
Fighting       | 4 5 6 |  6.6
Spellcasting   | 2 4 |  4.8
Hexes          | 2 4 5 |  5.0
Shields        | 1 2 3 |  3.1
Ranged Weapons | 1 3 |  3.7

Action                   |  1- 3 |  4- 6 |  7- 9 | 10-12 || total
-------------------------+-------+-------+-------+-------++-------
Melee: Short sword       |    83 |    36 |       |       ||   119
       Punch             |     1 |     1 |     2 |       ||     4
       Dagger            |       |   103 |   306 |   123 ||   532
 Cast: Slow              |       |       |     5 |     3 ||     8
       Confusing Touch   |       |       |       |     1 ||     1
Evoke: Piece from Xom's  |     6 |    11 |    10 |     2 ||    29
       Wand              |       |     1 |     3 |    12 ||    16
  Use: Potion            |       |     1 |       |     4 ||     5
       Scroll            |       |       |     6 |     6 ||    12
 Stab: Sleeping          |    10 |    22 |    22 |     1 ||    55
       Distracted        |       |     1 |     1 |       ||     2
       Confused          |       |     1 |       |     1 ||     2
       Petrified         |       |     1 |       |       ||     1
Armor: Leather armour    |    16 |    15 |    41 |       ||    72
       Swamp dragon scal |       |       |     9 |    31 ||    40
       Skin              |       |       |     2 |       ||     2
       Acid dragon scale |       |       |       |     3 ||     3
Dodge: Dodged            |    53 |    70 |   130 |    86 ||   339
       Repelled          |       |       |     1 |     2 ||     3
Block: Buckler           |       |       |    28 |    36 ||    64

Table legend: (Time is in decaauts)
 A = Elapsed time spent in this place.
 B = Non-inter-level travel time spent in this place.
 C = Inter-level travel time spent in this place.
 D = Time resting spent in this place.
 E = Time spent auto-exploring this place.
 F = Levels seen in this place.
 G = Mean time per level.
                   A        B        C        D        E       F      G
               +--------+--------+--------+--------+--------+-----+--------+
         Total |   7842 |   7598 |    244 |    414 |   5467 |   9 |  871.3 |
       Dungeon |   7842 |   7598 |    244 |    414 |   5467 |   9 |  871.3 |
               +--------+--------+--------+--------+--------+-----+--------+

Top non-repeatable levels by time:
     D:2: 1244 daAuts
     D:1: 1158 daAuts
     D:6: 1132 daAuts
     D:8: 964 daAuts
     D:4: 903 daAuts
     D:3: 876 daAuts
     D:7: 762 daAuts
     D:5: 713 daAuts
     D:9: 86 daAuts
